Unix NetHack Version 3.7.0-80 Work-in-progress - last build Mar 27 2023 11:19:28 (84ec4a96b1085377d1623a66bb533b5851a641e4,branch:master). Game began 2023-03-29 12:22:09, ended 2023-03-29 12:31:46. theworstmau, neutral male human Wizard ---- -------- | | ---.|.-- --...--.--- .-- |.........--.....h.G@....| -...............Gf....-- ---......(.......h.....-- --................>...| -- |..-..<........G....................| |...................................| --..*..............................-- --................................| -................................| ...........................-....-- ----...........0......^....... ..- --.............................. --.|...--.--.................... ----.----- .......---......0..- --- ---...-- -.-------- -..| -- ..| --- Theworstmau the Evoker St:10 Dx:13 Co:12 In:18 Wi:10 Ch:12 Neutral Dlvl:3 $:32 HP:0(15) Pw:22(22) AC:8 Xp:2/31 T:1182 Fainted Deaf Latest messages: The air crackles around the gnomish wizard. The gnome picks up a crossbow. The gnome picks up 8 crossbow bolts. z - an ivory ring. The gnome throws a dart! You are hit by a dart. You are too hungry to cast that spell. Garra bites the gnomish wizard. You are too hungry to cast that spell. Garra misses the gnomish wizard. Garra misses the gnomish wizard. Garra misses the gnomish wizard. The gnome hits! You kill the gnome! The gnome lord picks up a dart. The gnome wields a crossbow! There is a gnome corpse here; eat it? [ynq] (n) This gnome corpse is tough. The air crackles around the gnomish wizard. You stop eating the gnome corpse. The gnomish wizard points all around, then curses. Garra bites the gnomish wizard. Wizard needs food, badly! You are too hungry to cast that spell. You miss the gnomish wizard. Garra misses the gnomish wizard. The gnomish wizard points all around, then curses. Garra misses the gnomish wizard. You are too hungry to cast that spell. You miss the gnomish wizard. Garra misses the gnomish wizard. The gnomish wizard points at you, then curses. The dwarf wields a broad short sword! The gnome shoots 2 crossbow bolts! The 1st crossbow bolt misses Garra. You are hit by the 1st crossbow bolt. The 2nd crossbow bolt misses Garra. You are hit by the 2nd crossbow bolt. Garra misses the gnomish wizard. You are too hungry to cast that spell. You faint from lack of food. Garra misses the gnomish wizard. Garra misses the gnomish wizard. The gnomish wizard points at you, then curses. Garra misses the gnomish wizard. Garra misses the gnomish wizard. The gnomish wizard points at you, then curses. The gnome lord hits! You die... Do you want to see the dungeon overview? [ynq] (y) Inventory: Coins $ - 32 gold pieces Weapons q - a +0 orcish dagger p - a +0 elven short sword a - a blessed +1 quarterstaff (weapon in hands) Armor r - an uncursed +0 orcish helm named !c (being worn) b - an uncursed +0 cloak of magic resistance (being worn) Comestibles v - an uncursed tripe ration Scrolls j - an uncursed scroll of identify i - 2 uncursed scrolls of remove curse Spellbooks l - an uncursed spellbook of cure sickness k - a blessed spellbook of force bolt x - an uncursed spellbook of polymorph named !c Potions g - an uncursed potion of gain level f - an uncursed potion of invisibility h - an uncursed potion of sickness Rings d - an uncursed ring of free action z - a cursed ring of hunger e - an uncursed ring of teleportation Wands c - a wand of create monster (0:13) n - a wand of nothing named !m z1 (0:11) w - a wand of undead turning named !m z1 (0:6) Gems/Stones y - 2 uncursed fluorite stones o - an uncursed worthless piece of yellow glass m - 4 uncursed worthless pieces of yellowish brown glass s - 9 uncursed rocks (in quiver pouch) Theworstmau the Wizard's attributes: Background: You were an Evoker, a level 2 male human Wizard. You were neutral, nominally on a mission for Thoth who was opposed by Ptah (lawful) and Anhur (chaotic). You were in the Gnomish Mines, on level 3. You entered the dungeon 1182 turns ago. You had 31 experience points, 9 more were needed to attain level 3. Basics: You had 0 out of 15 hit points. You had all 22 energy points (spell power). Your armor class was 8. Your wallet contained 32 zorkmids. Autopickup was on for '$"?!=/' plus thrown, with exceptions. Final Characteristics: Your strength was 10 (base:11, limit:18/100). Your dexterity was 13 (limit:18). Your constitution was 12 (limit:18). Your intelligence was 18 (limit:18). Your wisdom was 10 (limit:18). Your charisma was 12 (limit:18). Final Status: You were deaf. You were fainted due to starvation. You were unencumbered. You were wielding a quarterstaff. You had basic skill with quarterstaff. Final Attributes: You were aligned. You were magic-protected. You were warded. You are dead. Miscellaneous: You never encountered a bones level. Total elapsed playing time was 9 minutes and 33 seconds. Major events: Turn 1: theworstmau the neutral male human Wizard entered the dungeon 569: entered the Gnomish Mines 1182: killed by a gnome lord, while fainted from lack of food Vanquished creatures: a brown mold 2 gnomes 3 jackals 3 foxes a goblin 2 sewer rats 3 grid bugs 2 lichens 6 newts 23 creatures vanquished. No species were genocided or became extinct. Voluntary challenges: You were an atheist. You read items or engraved 5 times. You engraved Elbereth 4 times. You never genocided any monsters. You never polymorphed an object. You never changed form. You used no wishes. Achievement: You entered the Gnomish Mines. The Dungeons of Doom: levels 1 to 3 Level 1: Level 2: Stairs down to The Gnomish Mines. Level 3: The Gnomish Mines: Level 3: <- You were here. Final resting place for you, killed by a gnome lord, while fainted from lack of food. Game over: ---------- / \ / REST \ / IN \ / PEACE \ / \ | theworstmau | | 32 Au | | killed by a | | gnome lord | | | | | | 2023 | *| * * * | * _________)/\\_//(\/(/\)/\//\/|_)_______ Goodbye theworstmau the Wizard... You died in The Gnomish Mines on dungeon level 3 with 253 points, and 32 pieces of gold, after 1182 moves. You were level 2 with a maximum of 15 hit points when you died.